 Dungeon Crawl Stone Soup version 0.25-a0-294-gea9b1ad378 (webtiles) character file.

Game seed: 13438981212941663621, levelgen mode: deterministic

20 MoonlitKnight the Charmwright (level 2, 0/26 HPs)
             Began as a Gnoll Skald on Dec 17, 2019.
             Succumbed to an adder's poison
             ... on level 2 of the Dungeon.
             The game lasted 00:01:58 (1054 turns).

MoonlitKnight the Charmwright (Gnoll Skald)         Turns: 1054, Time: 00:01:59

Health: 0/26       AC:  3    Str: 13    XL:     2   Next: 79%
Magic:  7/7        EV: 14    Int: 15    God:
Gold:   94         SH:  0    Dex: 14    Spells: 9/10 levels left

rFire    . . .     SeeInvis .   j - -1 hunting sling (curse)
rCold    . . .     Gourm    .   (no shield)
rNeg     . . .     Faith    .   b - +0 leather armour
rPois    .         Spirit   .   (no helmet)
rElec    .         Reflect  .   (no cloak)
rCorr    .         Harm     .   (no gloves)
MR       .....                  (no boots)
Stlth    +.........             (no amulet)
HPRegen  0.08/turn              (no ring)
MPRegen  0.10/turn              (no ring)

@: lethally poisoned (0 -> -11)
A: distributed training, fangs 1, strong nose
a: no special abilities


You were on level 2 of the Dungeon.
You were not hungry.

You visited 1 branch of the dungeon, and saw 2 of its levels.

You collected 94 gold pieces.

Inventory:

Hand Weapons
 a - a +0 spear
 j - a cursed -1 hunting sling (weapon)
Missiles
 h - 66 stones (quivered)
 k - 2 curare-tipped darts
Armour
 b - a +0 leather armour (worn)
Scrolls
 f - 2 scrolls of blinking
 n - a scroll of enchant weapon {unknown}
Potions
 c - a potion of ambrosia {unknown}
 e - a potion of lignification {unknown}
 g - a potion of heal wounds {unknown}
 i - 2 potions of curing
 l - a potion of might {unknown}
Comestibles
 d - 3 rations
 m - 3 chunks of flesh


   Skills:
 + Level 4.5 Fighting
 + Level 0.5 Short Blades
 + Level 0.5 Long Blades
 + Level 0.5 Axes
 + Level 0.5 Maces & Flails
 + Level 4.5 Polearms
 + Level 0.5 Staves
 + Level 0.5 Slings
 + Level 0.5 Bows
 + Level 0.5 Crossbows
 + Level 0.5 Throwing
 + Level 2.5 Armour
 + Level 4.5 Dodging
 + Level 0.5 Stealth
 + Level 0.5 Shields
 + Level 0.5 Unarmed Combat
 + Level 4.9 Spellcasting
 + Level 0.3 Conjurations
 + Level 0.3 Hexes
 + Level 5.3 Charms
 + Level 0.3 Summonings
 + Level 0.3 Necromancy
 + Level 0.3 Translocations
 + Level 0.3 Transmutations
 + Level 0.3 Fire Magic
 + Level 0.3 Ice Magic
 + Level 0.3 Air Magic
 + Level 0.3 Earth Magic
 + Level 0.3 Poison Magic
 + Level 0.6 Invocations
 + Level 0.5 Evocations


You had 9 spell levels left.
You knew the following spells:

 Your Spells              Type           Power        Failure   Level  Hunger
a - Infusion              Chrm           ###.         2%          1    None

Your spell library contained the following spells:

 Spells                   Type           Power        Failure   Level  Hunger
 Song of Slaying          Chrm           ###.....     3%          2    ##.....
 Shroud of Golubria       Chrm/Tloc      ##....       10%         2    ##.....
 Regeneration             Chrm/Necr      ##........   19%         3    ###....
 Spectral Weapon          Hex/Chrm       ##......     19%         3    ###....


Dungeon Overview and Level Annotations

Branches:
Dungeon (2/15)

Altars:
Ashenzari


Innate Abilities, Weirdness & Mutations

Your experience applies equally to all skills.
You have very sharp teeth.
Your uncanny sense of smell can sniff out nearby items.


Message History

You shoot a stone. The stone closely misses the adder.
* * * LOW HITPOINT WARNING * * *
You feel sick. The adder bites you.
* * * LOW HITPOINT WARNING * * *
You are more poisoned.
The adder poisons you! The adder misses you.
Firing (i - inventory. (/) - cycle)
h - 68 stones (quivered)
Press: ? - help, Shift-Dir - straight line, f/p - adder
Aim: an adder You shoot a stone.
The stone hits the adder.
The adder is lightly wounded.
* * * LOW HITPOINT WARNING * * *
You feel sick. The adder bites you.
* * * LOW HITPOINT WARNING * * *
The adder bites you but does no damage.
Firing (i - inventory. (/) - cycle)
h - 67 stones (quivered)
Press: ? - help, Shift-Dir - straight line, f/p - adder
Aim: an adder (lightly wounded)
You shoot a stone. The stone barely misses the adder.
You die...

.........# ###
.#######.# ##.##
#####.###.#.#######
#........###.##...#
#.###.###.#.#.#.#.###
........#
##......._..########
###.#####
##รท....#.#........#
##...##...######.#
##@############.###
#S# #..[..... #.#
#.###.##. ##'## #.##.
##..)## #..#.
##.....## #.####.#.
#.......## #........
#....(....# ##...##.##
+.........(...........


You could see an adder.

Vanquished Creatures
  A dart slug (D:2)
  A leopard gecko (D:2)
  2 bats
  2 goblins (D:1)
  2 hobgoblins
  3 frilled lizards
  2 kobolds (D:1)
  5 rats
18 creatures vanquished.

Notes
Turn   | Place    | Note
-------+----------+-------------------------------------------
     0 | D:1      | MoonlitKnight the Gnoll Skald began the quest for the Orb.
     0 | D:1      | Reached XP level 1. HP: 20/20 MP: 6/6
   335 | D:1      | Reached XP level 2. HP: 26/26 MP: 7/7
   981 | D:2      | Found a shattered altar of Ashenzari.
  1053 | D:2      | HP: 1/26 [adder (3)]
  1054 | D:2      | Succumbed to an adder's poison

Levels and vault maps discovered:
D:1:      dpeg_arrival_lava_temple_mockup, layout_loops_ring,
          minmay_pentomino_u4
D:2:      layout_loops_corners, ashenzari_altar_1, lemuel_round_altar,
          first_ration

Action                   || total
-------------------------++-------
Melee: Spear             ||    14
       Bite              ||     4
 Fire: Hunting sling     ||    36
Throw: Dart              ||     5
  Use: Scroll            ||     2
Armor: Leather armour    ||     5
Dodge: Dodged            ||    33

Table legend:
 A = Non-vault XP
 B = Vault XP
 C = Vault XP percentage of total XP
 D = Non-vault monster count
 E = Vault monster count
 F = Vault count percentage of total count
                 A         B        C        D         E       F
            +---------+---------+-------+---------+---------+-------
      Total |      26 |       3 |  10.3 |      15 |       3 |  16.7
            +---------+---------+-------+---------+---------+-------
        D:1 |      12 |       3 |  20.0 |       8 |       3 |  27.3
        D:2 |      14 |       0 |   0.0 |       7 |       0 |   0.0
            +---------+---------+-------+---------+---------+-------
